 Dungeon Crawl Stone Soup version 0.23.2 (webtiles) character file.

Game seed: 3167832481153986407

6526 Ethylacetat the Basher (level 11, -1/104 HPs)
             Began as a Naga Gladiator on Apr 7, 2019.
             Was an Elder of Okawaru.
             Slain by an ogre
             ... wielding a +0 giant club
              (14 damage)
             ... on level 9 of the Dungeon on Apr 8, 2019.
             The game lasted 00:39:56 (7549 turns).

Ethylacetat the Basher (Naga Gladiator)             Turns: 7549, Time: 00:39:57

Health: -1/104     AC: 12    Str: 19    XL:     11   Next: 1%
Magic:  14/14      EV:  9    Int:  8    God:    Okawaru [****..]
Gold:   440        SH:  0    Dex: 18    Spells: 10/10 levels left

rFire    . . .     SeeInvis +   a - +1 flail
rCold    . . .     Gourm    .   (no shield)
rNeg     . . .     Faith    .   C - +1 troll leather armour {Purgy}
rPois    +         Spirit   .   D - +1 helmet
rElec    .         Reflect  .   (no cloak)
rCorr    .         Harm     .   J - +1 pair of gloves
MR       +....                  (no barding)
Stlth    +++.......             t - amulet of rage
HPRegen  0.67/turn              q - +4 ring of dexterity
MPRegen  0.14/turn              x - +2 ring of evasion

@: lethally poisoned (-1 -> -4), heroism, held, very slow
A: large, see invisible, deformed body, poison resistance, slowness 2, slow
metabolism 1, spit poison 1, AC +3
a: Spit Poison, Heroism, Renounce Religion, Evoke Berserk Rage


You were on level 9 of the Dungeon.
You worshipped Okawaru.
Okawaru was greatly pleased with you.
You were not hungry.

You visited 2 branches of the dungeon, and saw 10 of its levels.

You collected 440 gold pieces.

Inventory:

Hand Weapons
 a - a +1 flail (weapon)
 O - a +4 antimagic spear
Missiles
 d - 2 throwing nets (quivered)
 k - 8 needles of confusion
 r - 168 arrows
Armour
 C - a +1 troll leather armour (worn) {Purgy}
 D - a +1 helmet (worn)
 I - a +2 ring mail of cold resistance
 J - a +1 pair of gloves (worn)
Jewellery
 q - a +4 ring of dexterity (left hand)
 s - an uncursed ring of positive energy
 t - an amulet of rage (around neck)
 x - a +2 ring of evasion (right hand)
 N - an uncursed ring of positive energy
Wands
 g - a wand of iceblast (14)
 n - a wand of clouds (5)
 L - a wand of scattershot (3)
 M - a wand of paralysis (4)
Scrolls
 b - 2 scrolls of fear {unknown}
 c - 2 scrolls of remove curse
 h - 7 scrolls of identify
 l - 3 scrolls of teleportation
 m - a scroll of blinking {unknown}
 u - 6 scrolls of magic mapping
 y - 3 scrolls of enchant armour
 z - 2 scrolls of random uselessness {unknown}
 H - 3 scrolls of silence {unknown}
 K - 2 scrolls of fog {unknown}
Potions
 e - a potion of magic
 i - a potion of lignification {unknown}
 j - 9 potions of haste {unknown}
 o - 6 potions of curing {unknown}
 p - a potion of mutation {unknown}
 v - 2 potions of cancellation {unknown}
 w - 2 potions of might
 A - 2 potions of berserk rage {unknown}
 E - a potion of heal wounds
 F - 2 potions of agility {unknown}
 G - a potion of brilliance {unknown}
Comestibles
 f - 6 rations
 B - 4 chunks of flesh


   Skills:
 + Level 8.9(13.9) Fighting
 * Level 12.3(17.3) Maces & Flails
 - Level 1.7(6.7) Throwing
 - Level 2.4(7.4) Dodging
 - Level 5.2 Invocations
 - Level 4.0 Evocations


You had 10 spell levels left.
You didn't know any spells.
Your spell library was empty.

Dungeon Overview and Level Annotations

Branches:
Dungeon (9/15)             Temple (1/1) D:6            Lair (0/6) D:8
    Orc: D:9-12

Altars:
Ashenzari
Cheibriados
Elyvilon
Fedhas
Hepliaklqana
Nemelex Xobeh
Okawaru
Qazlal
Ru
Trog
Xom
Yredelemnul
Zin
The Shining One

Shops:
D:7 }   D:8 (

Annotations:
D:9 Harold


Innate Abilities, Weirdness & Mutations

You cannot wear boots.
Your serpentine skin is tough. (AC +3)
You have supernaturally acute eyesight. (SInv)
Armour fits poorly on your strangely shaped body.
Your system is resistant to poisons. (rPois)
You cover ground very slowly.
You have a slow metabolism.
You can spit poison.


Message History

An ogre comes into view. It is wielding a +0 giant club.
You struggle against the net.
Harold hits you from afar with a +6 glaive of venom!
You gain the combat prowess of a mighty hero.
Harold hits you from afar with a +6 glaive of venom!!
You are poisoned.
You fail to use your ability.
You feel sick.
You fail to use your ability.
You feel sick.
Harold hits you from afar with a +6 glaive of venom!
You fail to use your ability.
You have got your breath back.
You feel sick.
Harold hits you from afar with a +6 glaive of venom!!
* * * LOW HITPOINT WARNING * * *
Okay, then.
It was a potion of magic.
Magic courses through your body.
You feel sick.
Harold hits you from afar with a +6 glaive of venom.
* * * LOW HITPOINT WARNING * * *
The ogre hits you with a +0 giant club!
You die...

##'### # #..# # #.##
# ######'#####
####### #
#...>......##.......
+
#...........#.......
#
.'...........#@......
#
##...........#O......
#
#...........@...[...
#
######'######.......
# #(.# #.##### # #.#
.# .. # ## #. #.
####.


You could see Harold and an ogre.

Vanquished Creatures
  A two-headed ogre (D:9)
  Erica (D:8)
  A komodo dragon (D:8)
  Grinder (D:6)
  The ghost of harness the Slasher, an amateur DsWr of Qazlal (D:6)
  3 hippogriffs
  A wyvern (D:8)
  A human (D:4)
  A hungry ghost (D:7)
  Purgy (D:4)
  An ice beast (D:6)
  A black bear (D:8)
  2 orc warriors (D:7)
  2 sky beasts (D:6)
  3 phantoms
  5 ogres
  3 centaurs
  4 bullfrogs (D:6)
  A gnoll sergeant (D:8)
  A scorpion (D:8)
  5 killer bees (D:7)
  6 crimson imps
  A howler monkey (D:5)
  2 bullfrog zombies
  A jelly (D:5)
  4 orc priests
  A bullfrog skeleton (D:8)
  3 hounds
  7 orc wizards
  12 worker ants
  A hound skeleton (D:5)
  A worker ant zombie (D:8)
  16 gnolls
  12 adders
  2 shadow imps
  An adder zombie (D:5)
  2 oozes (D:1)
  A worm (D:3)
  2 dart slugs (D:1)
  3 leopard geckos
  33 orcs
  11 bats
  8 giant cockroaches
  5 goblins
  10 hobgoblins
  11 jackals
  3 quokkas
  3 frilled lizards
  A goblin skeleton (D:4)
  5 kobolds
  A quokka skeleton (D:8)
  9 rats
218 creatures vanquished.

Vanquished Creatures (others)
  An orc (D:8)
  A plant (D:8)
2 creatures vanquished.

Grand Total: 220 creatures vanquished

Notes
Turn   | Place    | Note
-------+----------+-------------------------------------------
     0 | D:1      | Ethylacetat the Naga Gladiator began the quest for the Orb.
     0 | D:1      | Reached XP level 1. HP: 19/19 MP: 1/1
     1 | D:1      | Found a runed translucent door.
   191 | D:1      | Reached XP level 2. HP: 22/26 MP: 2/2
   578 | D:1      | Reached XP level 3. HP: 31/33 MP: 3/3
   591 | D:1      | Reached skill level 4 in Maces & Flails
   948 | D:2      | Reached XP level 4. HP: 5/40 MP: 4/4
   948 | D:2      | HP: 2/40 [rat (2)]
  1818 | D:2      | HP: 2/42 [poisoned by an adder]
  1824 | D:2      | HP: 1/42 [poisoned by an adder]
  2412 | D:3      | Reached XP level 5. HP: 49/49 MP: 5/5
  2649 | D:3      | Found a basalt altar of Yredelemnul.
  2685 | D:3      | Reached skill level 5 in Maces & Flails
  3374 | D:4      | Reached XP level 6. HP: 53/57 MP: 6/6
  3424 | D:4      | Noticed Purgy
  3438 | D:4      | Killed Purgy
  3438 | D:4      | Reached skill level 6 in Maces & Flails
  3815 | D:4      | Found a runed translucent door.
  3815 | D:4      | Noticed a human
  3824 | D:4      | Found a basalt altar of Yredelemnul.
  3968 | D:4      | Killed a human
  3968 | D:4      | Reached XP level 7. HP: 49/66 MP: 7/7
  4163 | D:5      | Entered Level 5 of the Dungeon
  4199 | D:5      | Reached skill level 7 in Maces & Flails
  4362 | D:5      | Reached skill level 5 in Fighting
  4525 | D:5      | Reached XP level 8. HP: 68/75 MP: 8/8
  4542 | D:5      | Reached skill level 8 in Maces & Flails
  4834 | D:6      | Found a runed translucent door.
  4835 | D:6      | Noticed harness's ghost (amateur DsWr)
  4866 | D:6      | Reached skill level 9 in Maces & Flails
  5030 | D:6      | Noticed Grinder
  5036 | D:6      | Killed Grinder
  5036 | D:6      | Reached XP level 9. HP: 85/85 MP: 9/9
  5175 | D:6      | Found a runed translucent door.
  5193 | D:6      | Reached skill level 10 in Maces & Flails
  5348 | D:6      | Found a staircase to the Ecumenical Temple.
  5362 | Temple   | Entered the Ecumenical Temple
  5388 | Temple   | Became a worshipper of Warmaster Okawaru
  5449 | D:6      | Reached skill level 1 in Evocations
  5609 | D:6      | Killed harness's ghost
  5804 | D:7      | Reached * piety under Okawaru
  5911 | D:7      | Found Icuagg's Gadget Emporium.
  5946 | D:7      | Reached skill level 1 in Invocations
  6142 | D:7      | Reached ** piety under Okawaru
  6142 | D:7      | Reached skill level 11 in Maces & Flails
  6142 | D:7      | Reached XP level 10. HP: 96/96 MP: 12/12
  6641 | D:8      | Found a stormy altar of Qazlal.
  6781 | D:8      | Found Rucaol's Antique Weapon Boutique.
  6937 | D:8      | Reached *** piety under Okawaru
  7183 | D:8      | Found a staircase to the Lair.
  7284 | D:8      | Noticed Erica
  7296 | D:8      | Killed Erica
  7296 | D:8      | Reached **** piety under Okawaru
  7296 | D:8      | Reached skill level 12 in Maces & Flails
  7460 | D:9      | Noticed a two-headed ogre
  7469 | D:9      | Killed a two-headed ogre
  7469 | D:9      | Reached skill level 5 in Invocations
  7469 | D:9      | Reached XP level 11. HP: 104/104 MP: 14/14
  7541 | D:9      | Noticed Harold
  7549 | D:9      | Slain by an ogre

Skill      XL: |  1  2  3  4  5  6  7  8  9 10 |
---------------+-------------------------------+-----
Maces & Flails | 4 5 6 7 9 11 12 | 12.3
Fighting       | 3 4 5 6 7 8 |  8.9
Evocations     | 3 4 |  4.0
Invocations    | 2 5 |  5.2
Throwing       | |  1.7
Dodging        | |  2.4

Action                   |  1- 3 |  4- 6 |  7- 9 | 10-12 || total
-------------------------+-------+-------+-------+-------++-------
Melee: Flail             |    99 |   149 |   307 |   195 ||   750
Throw: Throwing net      |       |     2 |       |       ||     2
Invok: Heroism           |       |       |     1 |     3 ||     4
 Abil: Spit Poison       |    10 |    41 |    40 |    17 ||   108
       Evoke Berserk Rag |       |     1 |     9 |     6 ||    16
  Use: Scroll            |     1 |     4 |     2 |       ||     7
       Potion            |       |       |     2 |     1 ||     3
 Stab: Sleeping          |       |     1 |       |     2 ||     3
       Held in net/web   |       |     1 |       |       ||     1
  Eat: Chunk             |       |    11 |    18 |    11 ||    40
       Ration            |       |       |     3 |       ||     3
Armor: Leather armour    |    33 |    12 |       |       ||    45
       Troll leather arm |       |     6 |   108 |    65 ||   179
Dodge: Dodged            |    97 |    90 |   214 |   125 ||   526
